 Dungeon Crawl Stone Soup version 0.30-a0-777-ga9a30cbeda (webtiles) character file.

Game seed: 16438442295033223282

7221 Hubris850 the Slicer (level 11, -2/96 HPs)
             Began as a Kobold Brigand on Feb 14, 2023.
             Was a Believer of Uskayaw.
             Slain by a water moccasin (7 damage)
             ... on level 10 of the Dungeon.
             The game lasted 00:27:47 (10026 turns).

Hubris850 the Slicer (Kobold Brigand)              Turns: 10026, Time: 00:27:48

Health: -2/96      AC: 25    Str:  9    XL:     11   Next: 33%
Magic:  17/17      EV:  3    Int: 19    God:    Uskayaw [**....]
Gold:   475        SH:  0    Dex: 20    Spells: 9/14 levels left

rFire   . . .      SeeInvis .    A - +2 dagger (venom)
rCold   . . .      Faith    .    (no shield)
rNeg    + . .      Spirit   .    (body armour currently unavailable)
rPois   +          Reflect  .    (helmet currently unavailable)
rElec   .          Harm     .    (cloak currently unavailable)
rCorr   .          Rampage  .    (gloves currently unavailable)
Will    .....      NoTele   +    (boots currently unavailable)
Stlth   +++++                    v - amulet of the acrobat
HPRegen 0.36/turn                p - +6 ring of intelligence
MPRegen 0.15/turn                F - ring of positive energy

@: tree-form
A: stationary, stasis, torment immunity, boosted hp, small, no large weapons,
nightstalker 3
a: Renounce Religion, Stomp, Line Pass


You were on level 10 of the Dungeon.
You worshipped Uskayaw.
Uskayaw was aware of your devotion.
You were a tree.
You visited 2 branches of the dungeon, and saw 11 of its levels.

You collected 599 gold pieces.
You spent 124 gold pieces at shops.

Inventory:

Hand Weapons
 a - a +2 dagger
 A - a +2 dagger of venom (weapon)
 N - a +0 dagger of electrocution
 R - a +3 dagger of chaos
Missiles
 d - 13 poisoned darts (quivered)
 e - 3 curare-tipped darts
 L - 5 atropa-tipped darts
 O - 4 boomerangs
Armour
 b - a +0 robe (melded)
 c - a +0 cloak
 i - an orb of light
 m - a +0 pair of gloves (melded)
 n - an orb of energy
 r - a +0 helmet
 u - a +0 cloak
 C - a +0 cloak (melded)
 T - a +2 helmet (melded)
Jewellery
 p - a +6 ring of intelligence (left branch)
 v - an amulet of the acrobat (around neck)
 F - a ring of positive energy (right branch)
 J - a ring of fire
Wands
 z - a wand of paralysis (16)
 E - a wand of acid (12)
 G - a wand of polymorph (5)
 I - a wand of iceblast (11)
 Q - a wand of mindburst (6)
Scrolls
 f - 2 scrolls of poison
 h - 4 scrolls of teleportation
 j - 2 scrolls of vulnerability
 l - 3 scrolls of immolation
 x - a scroll of magic mapping
 y - a scroll of amnesia
 B - 2 scrolls of torment
 D - 2 scrolls of enchant armour
 H - a scroll of fog
 P - 2 scrolls of brand weapon
Potions
 k - a potion of ambrosia {unknown}
 o - 3 potions of attraction
 q - 3 potions of brilliance
 s - a potion of heal wounds {unknown}
 t - 6 potions of curing
 w - 2 potions of resistance {unknown}
 K - a potion of cancellation {unknown}
 M - a potion of invisibility {unknown}
 S - a potion of haste {unknown}


   Skills:
 - Level 5.6 Fighting
 - Level 10.0 Short Blades
 + Level 7.1 Throwing
 - Level 6.7 Dodging
 - Level 7.0 Stealth
 - Level 2.0 Spellcasting
 - Level 3.0 Summonings
 - Level 4.0 Translocations
 - Level 3.0 Air Magic
 + Level 9.1 Invocations
 - Level 4.0 Evocations


You had 9 spell levels left.
You knew the following spells:

 Your Spells              Type           Power      Damage    Failure   Level
a - Apportation           Tloc           34%        N/A       3%          1
b - Summon Small Mammal   Summ           52%        N/A       4%          1
c - Vhi's Electric Charg  Tloc/Air       30%        N/A       12%         3

Your spell library contained the following spells:

 Spells                   Type           Power      Damage    Failure   Level
 Necrotise                Necr           4%         1d4       17%         1
 Arcjolt                  Conj/Air       3%         1d13      94%         5
 Maxwell's Capacitive Co  Air            6%         ∞         100%        8


Dungeon Overview and Level Annotations

Branches:
Dungeon (10/15)            Temple (1/1) D:5            Lair (0/5) D:10
    Orc (0/2) D:9

Altars:
Ashenzari
Cheibriados
Dithmenos
Elyvilon
Fedhas
Gozag
Hepliaklqana
Kikubaaqudgha
Makhleb
Nemelex Xobeh
Okawaru
Qazlal
Ru
Sif Muna
Uskayaw
Vehumet
Wu Jian
Xom
Yredelemnul
Zin

Shops:
D:3 ?   D:7 (   D:10 *

Annotations:
D:3 2 transporters, spacey5's ghost, amateur DjFE


Innate Abilities, Weirdness & Mutations

You are a tree.
Your roots penetrate the ground, keeping you stationary.
You cannot be teleported.
You are immune to unholy pain and torment.
Your maximum health is greatly increased.
Your equipment is partially melded.
You are small and have problems with some larger weapons.
You are completely attuned to the shadows.


Message History

* * * LOW HITPOINT WARNING * * *
You closely miss the wyvern.
The wyvern is severely wounded.
You hit the wyvern.
The wyvern looks as sick as possible!
The wyvern is severely wounded.
The wyvern bites you!
* * * LOW HITPOINT WARNING * * *
You hit the wyvern but do no damage.
The wyvern looks as sick as possible!
The wyvern is severely wounded.
The wyvern misses you.
Really quaff the potion of lignification? [Y]es or [N]o only, please.
Really quaff the potion of lignification? [Y]es or [N]o only, please.
Really quaff the potion of lignification? [Y]es or [N]o only, please.
Really quaff the potion of lignification? [Y]es or [N]o only, please.
Really quaff the potion of lignification?
You turn into a tree.
Your +0 cloak melds into your body.
Your +2 helmet melds into your body.
Your +0 pair of gloves melds into your body.
Your +0 robe melds into your body.
Your roots penetrate the ground.
The wyvern bites you but does no damage.
You barely miss the wyvern.
The wyvern is severely wounded.
The wyvern bites you.
* * * LOW HITPOINT WARNING * * *
You hit the wyvern but do no damage.
The wyvern looks as sick as possible!
The wyvern is severely wounded.
The wyvern bites you!
* * * LOW HITPOINT WARNING * * *
You barely miss the wyvern.
The wyvern is almost dead.
You hit the wyvern.
The wyvern looks as sick as possible!
The wyvern is almost dead.
You kill the wyvern!
You hit the water moccasin but do no damage.
The water moccasin bites you!
You die...

... #.# #.# ... #.# ..#
##'## #.# ##...## #.# .
##.....## #♣#
.##.......######S#####.
.#.........#.....†...P...
...........'....†.........
.......†...#.##†....S....P
∩.........##.###...P(....
.........###.###.....lP♣Pl.
..#.#...## #...)>......P..P
.##.##+## #####....PP..>..


You could see a water moccasin.

Vanquished Creatures
  Pikel (D:6)
  A gargoyle (D:9)
  Psyche (D:9)
  A troll (D:10)
  A hornet (D:8)
  Grinder (D:5)
  Sigmund (D:3)
  3 wyverns
  Eustachio (D:6)
  A steam dragon (D:8)
  Menkaure (D:6)
  An acid dragon (D:8)
  5 water moccasins
  4 black bears (D:10)
  2 orc warriors
  2 ice beasts
  3 ogres
  A wolf (D:10)
  A centaur (D:9)
  2 phantoms
  A lemure (D:6)
  A kobold brigand (D:8)
  Blork the orc (D:6)
  2 bullfrogs (D:7)
  4 scorpions
  3 necrophages
  15 wights
  9 killer bees
  A howler monkey (D:5)
  4 hounds
  2 orc priests (D:3)
  Crazy Yiuf (D:2)
  2 iguanas
  10 orc wizards
  Robin (D:2)
  10 adders
  2 shadow imps (D:7)
  2 white imps (D:8)
  5 worms
  3 dart slugs
  42 orcs
  5 endoplasms
  3 giant cockroaches
  17 goblins
  13 hobgoblins
  3 jackals (D:2)
  A quokka (D:1)
  3 ball pythons
  4 bats
  3 frilled lizards
  13 kobolds
  5 rats
225 creatures vanquished.

Vanquished Creatures (others)
  4 fungi
  4 plants (D:10)
8 creatures vanquished.

Grand Total: 233 creatures vanquished

Notes
Turn   | Place    | Note
-------+----------+-------------------------------------------
     0 | D:1      | Hubris850 the Kobold Brigand began the quest for the Orb.
     0 | D:1      | Reached XP level 1. HP: 12/12 MP: 1/1
   160 | D:1      | Noticed an eye of devastation
   163 | D:1      | Noticed a shining eye
   171 | D:1      | Found a faded altar of an unknown god.
   171 | D:1      | Noticed a great orb of eyes
   175 | D:1      | Noticed a floating eye
   181 | D:1      | Reached skill level 3 in Short Blades
   181 | D:1      | Reached XP level 2. HP: 17/17 MP: 2/2
   486 | D:1      | Reached XP level 3. HP: 21/21 MP: 3/3
   890 | D:2      | You fall into a shaft and drop 2 floors!
   912 | D:4      | Reached XP level 4. HP: 26/26 MP: 4/4
   969 | D:3      | Noticed Sigmund
   973 | D:3      | Killed Sigmund
   974 | D:3      | Reached skill level 5 in Short Blades
   974 | D:3      | Reached XP level 5. HP: 30/30 MP: 5/5
   974 | D:3      | Reached XP level 6. HP: 35/35 MP: 6/6
  1248 | D:2      | Noticed Robin
  1253 | D:2      | Killed Robin
  1502 | D:2      | Found a runed translucent door.
  1505 | D:2      | Noticed Crazy Yiuf
  1513 | D:2      | Killed Crazy Yiuf
  1607 | D:3      | Found Zedot's Magic Scroll Boutique.
  1614 | D:3      | Bought a scroll of identify for 20 gold pieces
  1614 | D:3      | Bought a scroll of noise for 10 gold pieces
  1614 | D:3      | Bought a scroll of identify for 20 gold pieces
  1614 | D:3      | Bought a scroll of identify for 20 gold pieces
  1743 | D:3      | Reached skill level 6 in Short Blades
  1767 | D:3      | Found a transporter.
  1774 | D:3      | Noticed spacey5's ghost (amateur DjFE)
  1786 | D:3      | Found a sparkling altar of Nemelex Xobeh.
  1812 | D:3      | Reached XP level 7. HP: 6/40 MP: 7/7
  1977 | D:3      | Found a transporter.
  2028 | D:3      | Reached skill level 5 in Throwing
  2561 | D:4      | Reached skill level 7 in Short Blades
  3142 | D:4      | Found a stormy altar of Qazlal.
  3188 | D:4      | Noticed a water moccasin
  3226 | D:4      | Killed a water moccasin
  3227 | D:4      | Reached XP level 8. HP: 25/44 MP: 8/8
  3360 | D:4      | Reached skill level 8 in Short Blades
  3371 | D:4      | Found a shimmering altar of Xom.
  3393 | D:5      | Entered Level 5 of the Dungeon
  3727 | D:5      | Noticed Grinder
  3730 | D:5      | Killed Grinder
  3731 | D:5      | Reached skill level 9 in Short Blades
  3881 | D:5      | Learned a level 1 spell: Apportation
  3883 | D:5      | Learned a level 1 spell: Summon Small Mammal
  4269 | D:5      | Reached skill level 1 in Spellcasting
  4269 | D:5      | Reached skill level 1 in Summonings
  4269 | D:5      | Reached skill level 1 in Translocations
  4294 | D:5      | Reached XP level 9. HP: 30/48 MP: 9/11
  4554 | D:5      | Found a staircase to the Ecumenical Temple.
  4560 | Temple   | Entered the Ecumenical Temple
  5132 | D:6      | Found an iron altar of Okawaru.
  5132 | D:6      | Found a hide-covered altar of Uskayaw.
  5135 | D:6      | Became a worshipper of Uskayaw the Reveller
  5180 | D:6      | Noticed Pikel
  5183 | D:6      | Reached * piety under Uskayaw
  5185 | D:6      | Killed Pikel
  5185 | D:6      | Reached ** piety under Uskayaw
  5186 | D:6      | Reached skill level 10 in Short Blades
  5232 | D:6      | Noticed Eustachio
  5235 | D:6      | Killed Eustachio
  5236 | D:6      | Reached skill level 1 in Invocations
  5236 | D:6      | Reached skill level 1 in Evocations
  5245 | D:6      | Found a burning altar of Makhleb.
  5370 | D:6      | Noticed Blork the orc
  5374 | D:6      | Killed Blork the orc
  5398 | D:6      | Noticed Menkaure
  5416 | D:6      | Killed Menkaure
  5484 | D:6      | Found an opulent altar of Gozag.
  6049 | D:7      | Reached XP level 10. HP: 53/53 MP: 13/13
  6082 | D:7      | Reached skill level 5 in Invocations
  6254 | D:7      | Reached *** piety under Uskayaw
  6304 | D:7      | Found a sacrificial altar of Ru.
  6562 | D:7      | Found Awib's Weapon Shop.
  6619 | D:7      | Bought 5 atropa-tipped darts for 54 gold pieces
  6924 | D:8      | Found an ornate altar of the Wu Jian Council.
  9047 | D:9      | Found a staircase to the Orcish Mines.
  9184 | D:9      | Noticed a gargoyle
  9187 | D:9      | Killed a gargoyle
  9188 | D:9      | Reached skill level 5 in Dodging
  9426 | D:9      | Noticed Psyche
  9430 | D:9      | Killed Psyche
  9431 | D:9      | Reached XP level 11. HP: 62/62 MP: 17/17
  9437 | D:9      | Reached skill level 5 in Fighting
  9814 | D:10     | Entered Level 10 of the Dungeon
  9846 | D:10     | Found Zin's Purification Station.
  9849 | D:10     | Found a glowing silver altar of Zin.
  9856 | D:10     | Learned a level 3 spell: Vhi's Electric Charge
  9899 | D:10     | Reached skill level 1 in Air Magic
  9984 | D:10     | Found a staircase to the Lair.
 10023 | D:10     | HP: 4/96 [wyvern (13)]
 10026 | D:10     | Slain by a water moccasin

Illustrated notes

Levels and vault maps discovered:
D:1:      onia_arrival_mini_maze, layout_basic,
          hellmonk_ecumenical_altar_watching_god
D:2:      layout_rooms, uniq_crazy_yiuf_cottage, uniq_robin
D:3:      layout_loops_ring, mainiacjoe_overflow_paths, gammafunk_ghost_arena,
          serial_shops, shop, minmay_mini_jars, uniq_sigmund
D:4:      layout_basic, nicolae_qazlal_scattered_showers, marbit_many_paths,
          portal_sewer_entry_c, st_stairs_11
D:5:      layout_loops_cross, minmay_temple_entry_nine_rooms,
          minmay_misc_feat_secret_circle, serial_bayou_pond_b,
          reono_crystal_passage, hangedman_abyss_or_decor_stabs, uniq_grinder
D:6:      layout_loops_ring, gammafunk_temple_overflow_elements,
          amcnicky_altar_gilded, mainiacjoe_overflow_chevrons, uniq_menkaure,
          uniq_pikel, uniq_blork_the_orc, uniq_eustachio
D:7:      layout_basic, overflow_temple_1_default, serial_shops,
          nicolae_shop_bloodbath_and_beyond
D:8:      layout_basic, old_standard_altar
D:9:      layout_loops_cross, david_orc_2, uniq_psyche
D:10:     layout_loops_corners, zin_purify, nicolae_tso_carved_into_rock,
          bloody_trog, minmay_lair_entry_grove, uniq_lodul, uniq_joseph
Temple:   jpeg_temple_alley_garden

Skill      XL: |  1  2  3  4  5  6  7  8  9 10 11 |
---------------+----------------------------------+-----
Short Blades   | 3 5 6 7 9 10 | 10.0
Dodging        | 2 3 5 6 |  6.7
Throwing       | 3 4 6 7 |  7.1
Spellcasting   | 1 2 |  2.0
Summonings     | 1 3 |  3.0
Translocations | 1 3 4 |  4.0
Stealth        | 7 |  7.0
Invocations    | 4 9 |  9.1
Evocations     | 4 |  4.0
Fighting       | 4 5 |  5.6
Air Magic      | 3 |  3.0

Action                     |  1- 3 |  4- 6 |  7- 9 | 10-12 || total
---------------------------+-------+-------+-------+-------++-------
  Melee: Dagger            |    55 |    90 |   334 |   343 ||   822
         Punch             |     2 |     1 |     9 |     4 ||    16
  Throw: Dart              |       |     1 |    15 |    15 ||    31
   Cast: Summon Small Mamm |       |       |     1 |       ||     1
 Invoke: Line Pass         |       |       |       |     2 ||     2
         Stomp             |       |       |       |     2 ||     2
  Evoke: Wand              |       |       |     1 |     8 ||     9
    Use: Scroll            |       |     4 |     7 |     4 ||    15
         Potion            |       |     2 |     2 |     1 ||     5
   Stab: Sleeping          |    16 |    11 |    38 |    22 ||    87
         Distracted        |       |       |     1 |     1 ||     2
         Paralysed         |       |       |     1 |     3 ||     4
         Confused          |       |       |       |     1 ||     1
         Invisible         |       |       |       |     1 ||     1
 Armour: Robe              |     7 |    11 |    16 |    38 ||    72
         Skin              |       |       |    22 |     1 ||    23
  Dodge: Dodged            |    29 |    43 |   108 |   206 ||   386

Table legend: (Time is in decaauts)
 A = Elapsed time spent in this place.
 B = Non-inter-level travel time spent in this place.
 C = Inter-level travel time spent in this place.
 D = Time resting spent in this place.
 E = Time spent auto-exploring this place.
 F = Levels seen in this place.
 G = Mean time per level.
                   A        B        C        D        E       F      G
               +--------+--------+--------+--------+--------+-----+--------+
         Total |   9674 |   9332 |    342 |   1389 |   6257 |  11 |  879.5 |
       Dungeon |   9372 |   9079 |    293 |   1389 |   6010 |  10 |  937.2 |
        Temple |    301 |    252 |     49 |      0 |    247 |   1 |  301.0 |
               +--------+--------+--------+--------+--------+-----+--------+

Top non-repeatable levels by time:
     D:8: 1943 daAuts
     D:5: 1314 daAuts
     D:7: 1001 daAuts
     D:3: 980 daAuts
     D:4: 887 daAuts
     D:6: 827 daAuts
     D:9: 815 daAuts
     D:1: 812 daAuts
     D:2: 618 daAuts
  Temple: 301 daAuts
    D:10: 172 daAuts
